 Dungeon Crawl Stone Soup version 0.31-a0-620-gd1cbd99268 (webtiles) character file.

Game seed: 9087439501516202160

136 Iich the Trooper (level 4, -6/37 HPs)
             Began as a Demonspawn Fighter on Aug 24, 2023.
             Mangled by an orc warrior
             ... wielding a +0 war axe
              (13 damage)
             ... on level 3 of the Dungeon.
             The game lasted 00:04:02 (2503 turns).

Iich the Trooper (Demonspawn Fighter)               Turns: 2503, Time: 00:04:03

Health: -6/37      AC: 10    Str: 16    XL:     4   Next: 98%
Magic:  4/4        EV:  8    Int: 10    God:
Gold:   135        SH:  6    Dex: 22    Spells: 3/3 levels left

rFire   . . .        a - +0 war axe
rCold   + . .        c - +0 buckler
rNeg    . . .        j - +0 chain mail
rPois   .            (no helmet)
rElec   .            (no cloak)
rCorr   .            (no gloves)
SInv    .            l - +0 pair of boots
Will    .....        (no amulet) Stlth
                     k - +6 ring of dexterity
HPRegen 0.26/turn    I - ring of protection from cold
MPRegen 0.09/turn

%: no passive effects
@: mighty
A: thin skeletal structure 1
a: no special abilities


You were on level 3 of the Dungeon.
You visited 1 branch of the dungeon, and saw 4 of its levels.

You collected 135 gold pieces.

Inventory:

Hand Weapons
 a - a +0 war axe (weapon)
Missiles
 h - a throwing net
Armour
 b - a +0 scale mail
 c - a +0 buckler (worn)
 j - a +0 chain mail (worn)
 l - a +0 pair of boots (worn)
Jewellery
 k - a +6 ring of dexterity (left hand)
 I - a ring of protection from cold (right hand)
Scrolls
 g - 2 scrolls of fear
 t - 2 scrolls of teleportation
Potions
 d - a potion of might
 e - a potion of invisibility {unknown}
 f - a potion of ambrosia {unknown}
 n - a potion of resistance
 o - a potion of lignification {unknown}
 p - a potion of curing {unknown}


   Skills:
 + Level 4.1 Fighting
 + Level 3.0 Axes
 - Level 2.6 Armour
 + Level 2.2 Dodging
 - Level 2.6 Shields


You had 3 spell levels left.
You didn't know any spells.
Your spell library contained the following spells:

 Spells                   Type           Power      Damage    Failure   Level
 Wereblood                Tmut           0%         N/A       100%        2
 Irradiate                Conj/Tmut      0%         3d11      100%        5


Dungeon Overview and Level Annotations

Branches:
Dungeon (4/15)
 Temple: D:4-7

Altars:
Nemelex Xobeh
Ru
Uskayaw
Yredelemnul


Innate Abilities, Weirdness & Mutations

You have a somewhat thin skeletal structure. (Dex +2, Stealth+)


Message History

Partly explored, can't reach some places.
You open the door.
There is an open door here.
The orc warrior shouts!
You feel very mighty all of a sudden.
Okay, then.
Okay, then.
You slash the orc warrior!
The orc warrior is heavily wounded.
The orc warrior hits you with a +0 war axe.
You take 6 damage, and have 31/37 hp.
You closely miss the orc warrior.
The orc warrior is heavily wounded.
The orc warrior hits you but does no damage.
The orc warrior barely misses you.
You hit the orc warrior.
The orc warrior is severely wounded.
The orc warrior closely misses you.
You barely miss the orc warrior.
The orc warrior is heavily wounded.
The orc warrior hits you with a +0 war axe!
The orc warrior hits you with a +0 war axe.
* * * LOW HITPOINT WARNING * * *
You take 17 damage, and have 14/37 hp. !!!!--MASSIVE DAMAGE--!!!!
You barely miss the orc warrior.
The orc warrior is heavily wounded.
The orc warrior hits you but does no damage.
You barely miss the orc warrior.
The orc warrior is heavily wounded.
The orc warrior hits you but does no damage.
The orc warrior completely misses you.
You barely miss the orc warrior.
The orc warrior is heavily wounded.
The orc warrior hits you with a +0 war axe!
* * * LOW HITPOINT WARNING * * *
You take 7 damage, and have 7/37 hp.
You slash the orc warrior!
The orc warrior is almost dead.
The orc warrior hits you with a +0 war axe!
You die...

......# #....# #........ #..#..#
#....# ##........
#..##.#####....# #.........
#..##..#..+....#########........)
#..##.....#....##...#..........[)
...##.##.....####...#.......#####
...##.##.#...####...#.......#
...#...#.#...'..#...###.....#
####...#.#...##.@o......#...#
...#...#.#...####....#..#...#
##.#.###.#...#........>.#...#
<......#.#...#.......).....######
##.#.#.#)#...#.......#....###....
#........................# #....
###.#######..............# #....
#....# #.#########...########
####.# #.# ####...##.###.#


You could see an orc warrior.

Vanquished Creatures
  5 adders
  A worm (D:2)
  A dart slug (D:3)
  6 orcs (D:3)
  6 endoplasms
  A giant cockroach (D:2)
  7 hobgoblins
  7 jackals
  6 kobolds
  2 quokkas
  3 ball pythons
  11 bats
  2 frilled lizards
  9 goblins
  8 rats
75 creatures vanquished.

Notes
Turn   | Place    | Note
-------+----------+-------------------------------------------
     0 | D:1      | Iich the Demonspawn Fighter began the quest for the Orb.
     0 | D:1      | Reached XP level 1. HP: 18/18 MP: 1/1
   151 | D:1      | Gained mutation: You have a somewhat thin skeletal
                  | structure. (Dex +2, Stealth+) [demonic ancestry]
   151 | D:1      | Reached XP level 2. HP: 24/24 MP: 2/2
   263 | D:1      | Reached skill level 1 in Dodging
   495 | D:1      | Reached XP level 3. HP: 29/29 MP: 3/3
  1071 | D:2      | Reached XP level 4. HP: 36/37 MP: 4/4
  1608 | D:3      | Found a sparkling altar of Nemelex Xobeh.
  1609 | D:3      | Found a hide-covered altar of Uskayaw.
  1616 | D:3      | Found a sacrificial altar of Ru.
  1619 | D:3      | Found a basalt altar of Yredelemnul.
  1682 | D:3      | Found a faded altar of an unknown god.
  1888 | D:3      | Reached skill level 4 in Fighting
  2264 | D:4      | Noticed an orc warrior
  2503 | D:3      | Mangled by an orc warrior

Illustrated notes

Levels and vault maps discovered:
D:1:      psy_arrival_statuary, layout_loops_ring, serial_forest,
          infiniplex_forest_straight_2, infiniplex_forest_clump_C,
          infiniplex_forest_clump_small, infiniplex_forest_clump_cross,
          infiniplex_forest_split, infiniplex_forest_straight_5,
          infiniplex_forest_lined_2, glass_columns_c, grunt_decor_fettered,
          serial_bayou_pond_a, hangedman_decor_peaks_small
D:2:      layout_basic, st_stairs_9, minmay_misc_feat_hallway
D:3:      layout_basic, minitemple, nicolae_ecumenical_lake_church,
          solitary_fountain
D:4:      layout_basic, minmay_temple_entry_water_ring, serial_shops,
          nicolae_book_shop_shelving, hex_tiny, minmay_close_crescents,
          uniq_duvessa

Skill      XL: |  1  2  3  4 |
---------------+-------------+-----
Axes           | 2 3 |  3.0
Dodging        | 1 2 |  2.2
Fighting       | 4 |  4.1
Armour         | |  2.6
Shields        | |  2.6

Action                     |  1- 3 |  4- 6 || total
---------------------------+-------+-------++-------
  Melee: War axe           |   109 |    89 ||   198
    Use: Scroll            |     1 |     5 ||     6
         Potion            |       |     1 ||     1
   Stab: Sleeping          |     1 |       ||     1
 Armour: Scale mail        |    34 |       ||    34
         Chain mail        |    35 |    55 ||    90
  Dodge: Dodged            |    63 |    20 ||    83
  Block: Buckler           |    40 |    24 ||    64

Table legend: (Time is in decaauts)
 A = Elapsed time spent in this place.
 B = Non-inter-level travel time spent in this place.
 C = Inter-level travel time spent in this place.
 D = Time resting spent in this place.
 E = Time spent auto-exploring this place.
 F = Levels seen in this place.
 G = Mean time per level.
                   A        B        C        D        E       F      G
               +--------+--------+--------+--------+--------+-----+--------+
         Total |   2583 |   2461 |    122 |    186 |   1761 |   4 |  645.8 |
       Dungeon |   2583 |   2461 |    122 |    186 |   1761 |   4 |  645.8 |
               +--------+--------+--------+--------+--------+-----+--------+

Top non-repeatable levels by time:
     D:3: 1001 daAuts
     D:1: 880 daAuts
     D:2: 697 daAuts
     D:4: 3 daAuts
